 Dungeon Crawl Stone Soup version 0.30-a0-374-g95c0257040 (webtiles) character file.

Game seed: 11501545986017556960

17796 KennySheep the Thaumaturge (level 12, -2/59 HPs)
             Began as a Deep Elf Conjurer on Nov 27, 2022.
             Was an Elder of Vehumet.
             Shot with a bolt by an orc knight (6 damage)
             ... on level 11 of the Dungeon.
             The game lasted 00:42:03 (12293 turns).

KennySheep the Thaumaturge (Deep Elf Conjurer)     Turns: 12293, Time: 00:42:04

Health: -2/59      AC: 12    Str:  2    XL:     12   Next: 22%
Magic:  6/31       EV: 17    Int: 34    God:    Vehumet [****..]
Gold:   835        SH:  0    Dex: 24    Spells: 13/38 levels left

rFire   . . .      SeeInvis .    a - staff of conjuration
rCold   + . .      Faith    .    (no shield)
rNeg    . . .      Spirit   .    I - +4 steam dragon scales
rPois   +          Reflect  .    (no helmet)
rElec   .          Harm     .    (no cloak)
rCorr   .          Rampage  .    R - +1 pair of gloves {infuse}
Will    +....                    E - +0 pair of boots {Stlth+}
Stlth   ++++......               B - amulet of regeneration
HPRegen 1.09/turn                u - ring "Jaym" {EV+4 Int+4}
MPRegen 0.22/turn                J - ring "Vuefu" {rPois rC+ Str-2 Int+3 Dex+9}

@: no status effects
A: no striking features
a: Renounce Religion


You were on level 11 of the Dungeon.
You worshipped Vehumet.
Vehumet was greatly pleased with you.
You visited 2 branches of the dungeon, and saw 12 of its levels.

You collected 1351 gold pieces.
You spent 516 gold pieces at shops.

Inventory:

Armour
 w - a +0 robe
 E - a +0 pair of boots of stealth (worn)
 I - +4 steam dragon scales (worn)
 N - a +0 pair of gloves
 R - a +1 pair of gloves of infusion (worn)
Magical Staves
 a - a staff of conjuration (weapon)
Jewellery
 u - the ring "Jaym" (left hand) {EV+4 Int+4}
   (You acquired it on level 6 of the Dungeon)

   [ring of evasion]

   EV:        It affects your evasion (+4).
   Int:       It affects your intelligence (+4).
 B - an amulet of regeneration (around neck)
 J - the ring "Vuefu" (right hand) {rPois rC+ Str-2 Int+3 Dex+9}
   (You acquired it on level 6 of the Dungeon)

   [ring of poison resistance]

   Str:       It affects your strength (-2).
   Int:       It affects your intelligence (+3).
   Dex:       It affects your dexterity (+9).
   rC:        It protects you from cold.
   rPois:     It protects you from poison.
 L - the ring of Hoanolyo {rPois rF- MP+9 Str+7 Stlth+}
   (You acquired it on level 8 of the Dungeon)

   [ring of magical power]

   Str:       It affects your strength (+7).
   rF:        It makes you vulnerable to fire.
   rPois:     It protects you from poison.
   MP:        It affects your magic capacity (+9).
   Stlth:     It makes you more stealthy.
 Q - a +6 ring of strength
Wands
 b - a wand of acid (12)
 C - a wand of digging (6)
 G - a wand of charming (10)
 H - a wand of roots (7)
 K - a wand of polymorph (7)
Scrolls
 d - 2 scrolls of teleportation
 e - 2 scrolls of amnesia
 h - a scroll of noise {unknown}
 k - a scroll of magic mapping
 o - 2 scrolls of torment
 q - 4 scrolls of enchant weapon
 r - 3 scrolls of poison
 t - 2 scrolls of immolation
 x - a scroll of blinking
 y - a scroll of butterflies
 A - 2 scrolls of fear
 D - a scroll of vulnerability
 O - a scroll of silence {unknown}
 P - a scroll of enchant armour
Potions
 c - 2 potions of might
 f - 2 potions of degeneration
 g - a potion of mutation {unknown}
 i - 2 potions of berserk rage
 j - 3 potions of curing
 l - 4 potions of resistance
 m - a potion of haste
 n - a potion of flight
 p - a potion of brilliance {unknown}
 s - a potion of lignification
 v - a potion of ambrosia {unknown}
 z - a potion of heal wounds
 F - a potion of attraction
 M - 2 potions of invisibility
Miscellaneous
 S - a condenser vane


   Skills:
 - Level 2.4 Dodging
 - Level 2.4 Stealth
 * Level 13.7 Spellcasting
 + Level 10.4 Conjurations
 * Level 12.6 Hexes
 * Level 4.3 Summonings
 + Level 9.3 Translocations
 + Level 7.5 Evocations


You had 13 spell levels left.
You knew the following spells:

 Your Spells              Type           Power      Damage    Failure   Level
a - Magic Dart            Conj           100%       1d8       1%          1
b - Searing Ray           Conj           100%       2d8       1%          2
c - Iskenderun's Mystic   Conj/Tloc      94%        2d18      1%          4
d - Fulminant Prism       Conj/Hex       50%        3d22      1%          4
e - Enfeeble              Hex            41%        N/A       9%          7
f - Spellforged Servitor  Conj/Summ      42%        N/A       19%         7

Your spell library contained the following spells:

 Spells                   Type           Power      Damage    Failure   Level
 Arcjolt                  Conj/Air       36%        1d46      1%          5
 Poisonous Vapours        Pois/Air       46%        N/A       1%          2
 Dazzling Flash           Conj/Hex       100%       N/A       1%          3
 Mephitic Cloud           Conj/Pois/Air  63%        N/A       1%          3
 Cause Fear               Hex            41%        N/A       1%          4
 Iskenderun's Battlesphe  Conj           96%        2d14      1%          5
 Yara's Violent Unravell  Hex/Tmut       30%        3d13      1%          5
 Cigotuvi's Dreadful Rot  Necr/Pois/Air  46%        N/A       2%          2
 Metabolic Englaciation   Hex/Ice        30%        N/A       3%          5
 Ozocubu's Armour         Ice            23%        N/A       5%          3
 Iron Shot                Conj/Erth      36%        9d7       9%          6
 Petrify                  Tmut/Erth      23%        N/A       19%         4
 Alistair's Intoxication  Tmut/Pois      15%        N/A       45%         5
 Borgnjor's Vile Clutch   Necr/Erth      11%        N/A       45%         5
 Eringya's Noxious Bog    Tmut/Pois      11%        N/A       54%         6
 Statue Form              Tmut/Erth      15%        N/A       95%         6
 Ozocubu's Refrigeration  Ice            11%        4d10      97%         7
 Dragon Form              Tmut           11%        N/A       100%        7
 Dragon's Call            Summ           25%        N/A       100%        9


Dungeon Overview and Level Annotations

Branches:
Dungeon (11/15)            Temple (1/1) D:5            Lair (0/5) D:11
    Orc: D:9-12

Altars:
Ashenzari
Cheibriados
Dithmenos
Elyvilon
Fedhas
Gozag
Hepliaklqana
Kikubaaqudgha
Makhleb
Nemelex Xobeh
Okawaru
Qazlal
Ru
Sif Muna
Trog
Uskayaw
Vehumet
Wu Jian
Xom
Yredelemnul
Zin

Shops:
D:4 :   D:5 ***?:   D:8 !

Annotations:
D:3 2 transporters, pokeman's ghost, amateur DEHW
D:5 1 runed translucent door, jfcaron's ghost, novice GnRe
D:10 2 runed translucent doors, flotson's ghost, journeyman DsDe


Message History

The orc knight is knocked back by the mystic blast.
The mystic blast hits the orc warrior!!
The orc warrior is heavily wounded.
The orc warrior is knocked back by the mystic blast.
The mystic blast hits the orc.
The orc is severely wounded.
The orc is knocked back by the mystic blast.
The mystic blast hits the ogre!!
You kill the ogre!
Vehumet accepts your kill.
A nearby plant withers and dies.
Things that are here:
a +0 giant spiked club; an ogre corpse The orc misses you.
The orc knight unwields a +0 great mace.
The orc knight wields a +2 arbalest of flaming.
It bursts into flame!
The orc knight shoots a bolt.
The bolt hits you! The bolt burns you.
Casting: Iskenderun's Mystic Blast (safe; 1% risk of failure)
Confirm with . or Enter, or press ? or * to list all spells.
You feel a surge of power!
You erupt in a blast of force!
The mystic blast hits the orc knight!
The orc knight is heavily wounded.
The orc knight is knocked back by the mystic blast.
The orc knight slams into the rock wall!
The orc knight is severely wounded.
The mystic blast hits the orc warrior!
The orc warrior is almost dead.
The orc warrior is knocked back by the mystic blast.
The mystic blast hits the orc!!
You kill the orc!
Vehumet accepts your kill.
You feel your power returning.
Things that are here:
a +0 giant spiked club; an ogre corpse The orc knight shoots a bolt.
The bolt hits you. The bolt burns you.
The orc knight shoots a bolt.
The bolt hits you!!
* * * LOW HITPOINT WARNING * * *
The bolt burns you.
You die...

..................#
.......^...†......###.#
..[....................
#....................#
†....................# ##
....................# ..#
............/)......##...#
..............)......#....
....P...[.......@.........
...P.P...P.......)........
.PP....>.........).......#
.P........P......).....##
......PP..PP...........#


.PPP ......P...........# ...P .........o....o..# .P.P ...............## ...
...P..##...)..# You could see an orc knight and an orc warrior (strong).

Vanquished Creatures
  A boulder beetle (D:11)
  2 two-headed ogres (D:9)
  A centaur warrior (D:9)
  A tengu warrior (D:9)
  Lodul (D:10)
  A deep elf pyromancer (D:9)
  An orc sorcerer (D:9)
  A deep elf zephyrmancer (D:9)
  A manticore (D:11)
  An ugly thing (D:9)
  A kobold demonologist (D:9)
  Psyche (D:9)
  A komodo dragon (D:11)
  2 trolls
  3 shadows
  3 wyverns (D:9)
  2 wraiths (D:11)
  8 yaks (D:10)
  Grum (D:8)
  A vampire (D:10)
  5 steam dragons
  4 vampire mosquitoes (D:11)
  3 acid dragons (D:9)
  5 water moccasins
  Duvessa (D:5)
  6 orc warriors
  5 black bears
  An ice beast (D:6)
  9 ogres
  6 centaurs
  4 wolves (D:8)
  5 kobold brigands
  8 bullfrogs
  3 scorpions
  Dowan (D:5)
  8 wights
  20 killer bees
  3 howler monkeys
  4 orc priests
  7 hounds
  A jelly (D:4)
  6 gnoll boudas
  12 orc wizards
  6 iguanas
  8 gnolls
  17 adders
  2 white imps
  A worm (D:3)
  A dart slug (D:2)
  33 orcs
  5 bats
  10 endoplasms
  A giant cockroach (D:4)
  7 hobgoblins
  10 jackals
  13 kobolds
  3 quokkas
  7 ball pythons
  6 frilled lizards
  7 goblins
  4 rats
  A fulminant prism (D:6)
303 creatures vanquished.

Vanquished Creatures (others)
  An orc wizard (D:6)
  5 fulminant prisms
  37 fungi (D:11)
  51 plants
  2 withered plants (D:5)
96 creatures vanquished.

Grand Total: 399 creatures vanquished

Notes
Turn   | Place    | Note
-------+----------+-------------------------------------------
     0 | D:1      | KennySheep the Deep Elf Conjurer began the quest for the
                  | Orb.
     0 | D:1      | Reached XP level 1. HP: 10/10 MP: 6/6
   285 | D:1      | Reached skill level 1 in Translocations
   302 | D:1      | Reached XP level 2. HP: 15/15 MP: 5/8
   305 | D:1      | Learned a level 2 spell: Searing Ray
  1029 | D:1      | Reached XP level 3. HP: 19/19 MP: 6/9
  1071 | D:2      | Found an ornate altar of the Wu Jian Council.
  1195 | D:2      | Reached skill level 5 in Conjurations
  1507 | D:2      | Reached XP level 4. HP: 24/24 MP: 7/11
  1512 | D:2      | Learned a level 4 spell: Iskenderun's Mystic Blast
  2107 | D:3      | Found a transporter.
  2168 | D:3      | Reached skill level 4 in Spellcasting
  2179 | D:3      | Reached XP level 5. HP: 28/28 MP: 4/13
  2833 | D:3      | Noticed pokeman's ghost (amateur DEHW)
  2888 | D:3      | Found a transporter.
  3228 | D:4      | Reached XP level 6. HP: 25/32 MP: 3/14
  3935 | D:4      | Found Unudwoz's Tremendous Tomes.
  4007 | D:4      | Reached skill level 5 in Spellcasting
  4265 | D:5      | Entered Level 5 of the Dungeon
  4265 | D:5      | Found Tohut's General Store.
  4268 | D:5      | Bought a potion of curing for 45 gold pieces
  4268 | D:5      | Bought a potion of heal wounds for 75 gold pieces
  4290 | D:5      | Reached XP level 7. HP: 36/36 MP: 11/16
  4484 | D:5      | Reached skill level 5 in Translocations
  4579 | D:5      | Found Etusoof's Book Shoppe.
  4721 | D:5      | Found a stormy altar of Qazlal.
  4727 | D:5      | Learned a level 4 spell: Fulminant Prism
  4988 | D:5      | Reached skill level 1 in Hexes
  5047 | D:5      | Found Quonoist's Assorted Antiques.
  5218 | D:5      | Found a staircase to the Ecumenical Temple.
  5225 | D:5      | Reached skill level 6 in Spellcasting
  5228 | Temple   | Entered the Ecumenical Temple
  5540 | Temple   | Became a worshipper of Vehumet
  5555 | D:5      | Found a runed translucent door.
  5556 | D:5      | Noticed jfcaron's ghost (novice GnRe)
  5587 | D:5      | Found Houss's Magic Scroll Emporium.
  5587 | D:5      | Noticed Dowan
  5592 | D:5      | Noticed Duvessa
  5603 | D:5      | Killed Duvessa
  5604 | D:5      | Reached skill level 1 in Evocations
  5608 | D:5      | Killed Dowan
  5609 | D:5      | Reached XP level 8. HP: 28/41 MP: 15/19
  5662 | D:5      | Bought a fluorescent wand for 88 gold pieces
  5889 | D:5      | Found Sagisaih's General Store.
  6057 | D:6      | Identified 2 scrolls of acquirement
  6057 | D:6      | Acquired the ring "Vuefu" {rPois rC+ Str-2 Int+3 Dex+9}
  6150 | D:6      | Acquired the ring "Jaym" {EV+4 Int+4}
  6161 | D:6      | Lost strength.
  6372 | D:6      | Reached skill level 7 in Spellcasting
  6615 | D:6      | Learned a level 7 spell: Enfeeble
  6624 | D:6      | Reached skill level 5 in Hexes
  6918 | D:6      | Found a basalt altar of Yredelemnul.
  6935 | D:6      | Found an ornate altar of the Wu Jian Council.
  7278 | D:7      | Reached skill level 8 in Spellcasting
  7388 | D:7      | You fall into a shaft and drop 3 floors!
  7388 | D:10     | Entered Level 10 of the Dungeon
  7401 | D:10     | Found a runed translucent door.
  7410 | D:10     | Reached XP level 9. HP: 45/45 MP: 14/23
  7466 | D:10     | Noticed a stone giant
  7467 | D:10     | Noticed a tengu conjurer
  7467 | D:10     | Noticed a brown very ugly thing
  7467 | D:10     | Noticed a lich
  7468 | D:10     | Noticed flotson's ghost (journeyman DsDe)
  7472 | D:10     | Found a runed translucent door.
  7473 | D:10     | Identified the +6 quarterstaff "Noq Hash" {drain, +Blink
                  | Will- Int+7 Dex-2}
  7473 | D:10     | Noticed a necromancer
  7566 | D:10     | Reached * piety under Vehumet
  7566 | D:10     | Offered knowledge of Kiss of Death by Vehumet.
  7567 | D:10     | Reached skill level 9 in Spellcasting
  7718 | D:10     | Noticed Lodul
  7899 | D:9      | Noticed a two-headed ogre
  7909 | D:9      | Reached skill level 10 in Spellcasting
  7909 | D:9      | Reached XP level 10. HP: 50/50 MP: 3/26
  7915 | D:9      | Killed a two-headed ogre
  8056 | D:9      | Reached skill level 5 in Evocations
  8299 | D:9      | Noticed a deep elf zephyrmancer
  8307 | D:9      | Killed a deep elf zephyrmancer
  8314 | D:9      | Reached skill level 11 in Spellcasting
  8511 | D:9      | Reached ** piety under Vehumet
  8511 | D:9      | Offered knowledge of Static Discharge by Vehumet.
  8688 | D:9      | Noticed a green ugly thing
  8737 | D:9      | Killed a green ugly thing
  8738 | D:9      | Reached skill level 10 in Hexes
  8888 | D:9      | Noticed Psyche
  8901 | D:9      | Killed Psyche
  8977 | D:9      | Reached XP level 11. HP: 46/54 MP: 2/28
  8980 | D:9      | Noticed a tengu warrior
  9237 | D:8      | Noticed Grum
  9240 | D:8      | Offered knowledge of Ignite Poison by Vehumet.
  9245 | D:8      | Killed Grum
  9268 | D:8      | Reached skill level 12 in Spellcasting
  9455 | D:8      | Found Exkuamuo's Distillery.
  9460 | D:8      | Reached *** piety under Vehumet
  9469 | D:8      | Bought 2 potions of resistance for 220 gold pieces
  9469 | D:8      | Bought a potion of invisibility for 88 gold pieces
  9617 | D:8      | Acquired the ring of Hoanolyo {rPois rF- MP+9 Str+7 Stlth+}
 10086 | D:9      | Killed a tengu warrior
 10144 | D:9      | Offered knowledge of Olgreb's Toxic Radiance by Vehumet.
 10241 | D:9      | Noticed a two-headed ogre
 10244 | D:9      | Noticed an orc sorcerer
 10249 | D:9      | Killed a two-headed ogre
 10264 | D:9      | Killed an orc sorcerer
 10265 | D:9      | Reached skill level 10 in Conjurations
 10273 | D:9      | Learned a level 7 spell: Spellforged Servitor
 10311 | D:9      | Noticed a centaur warrior
 10317 | D:9      | Killed a centaur warrior
 10318 | D:9      | Reached skill level 1 in Summonings
 10795 | D:9      | Noticed a deep elf pyromancer
 10808 | D:9      | Killed a deep elf pyromancer
 10809 | D:9      | Reached skill level 13 in Spellcasting
 10921 | D:9      | Found a blossoming altar of Fedhas.
 10921 | D:9      | Found a sparkling altar of Nemelex Xobeh.
 11762 | D:10     | Killed Lodul
 12021 | D:11     | Reached **** piety under Vehumet
 12078 | D:11     | Noticed a boulder beetle
 12091 | D:11     | Killed a boulder beetle
 12092 | D:11     | Reached XP level 12. HP: 59/59 MP: 19/31
 12176 | D:11     | Offered knowledge of Arcjolt by Vehumet.
 12244 | D:11     | Found a staircase to the Lair.
 12293 | D:11     | Shot with a bolt by an orc knight

Illustrated notes

Levels and vault maps discovered:
D:1:      grunt_arrival_lava_bath, layout_loops_ring, minmay_pentomino_s2
D:2:      layout_loops_cross, basic_altar, supply_closet_lemuel
D:3:      layout_basic, gammafunk_ghost_gnarly_gnolls
D:4:      kennysheep_spiral_hall, layout_basic, serial_bayou_pond_e,
          nicolae_shop_i_like_big_books
D:5:      layout_loops_corners, mainiacjoe_overflow_alcove_2,
          minmay_temple_entry_drinking_statues, gammafunk_ghost_grave,
          serial_shops, shop_statue, nicolae_shop_hallway_plus, shop_coins,
          nicolae_stop_n_shop_2, kennysheep_mini_moat, st_stairs_6, uniq_duvessa
D:6:      black_bear_nest_1, layout_rooms, nicolae_overflow_squiral
D:7:      layout_basic, mainiacjoe_overflow_boulevard, kennysheep_generic_room_3
D:8:      layout_basic, serial_shops, shop, nicolae_elevator_lobby_plus,
          uniq_grum
D:9:      minmay_the_grid_3x3 [minmay_the_grid_dragon_a,
          minmay_the_grid_tri_star, minmay_the_grid_tree,
          minmay_the_grid_tiny_cups, minmay_the_grid_square_x,
          minmay_the_grid_rooms, minmay_the_grid_gridbox, minmay_the_grid_doors,
          minmay_the_grid_prize_diamond_cup], layout_basic,
          gammafunk_temple_overflow_elements, uniq_psyche
D:10:     layout_loops_cross, muffindrake_ghost_dual_entry, uniq_lodul
D:11:     layout_cave_pools, due_lair_maze_entry_diamond
Temple:   compressed_dpeg_triangle_lava_temple

Skill      XL: |  1  2  3  4  5  6  7  8  9 10 11 12 |
---------------+-------------------------------------+-----
Translocations | 1 2 3 4 5 6 7 8 9 |  9.3
Conjurations   | 5 6 7 8 9 10 | 10.4
Spellcasting   | 4 5 6 8 10 11 13 | 13.7
Hexes          | 3 5 8 10 12 | 12.6
Evocations     | 1 3 4 6 7 |  7.5
Summonings     | 3 4 |  4.3
Dodging        | |  2.4
Stealth        | |  2.4

Action                   |  1- 3 |  4- 6 |  7- 9 | 10-12 || total
-------------------------+-------+-------+-------+-------++-------
Melee: Unarmed           |     7 |       |       |       ||     7
       Staff             |       |     4 |    15 |    70 ||    89
       Punch             |       |       |       |     1 ||     1
 Cast: Magic Dart        |    80 |   136 |    83 |       ||   299
       Searing Ray       |       |     2 |     9 |       ||    11
       Iskenderun's Myst |       |     1 |    50 |   145 ||   196
       Fulminant Prism   |       |       |     5 |     1 ||     6
  Use: Scroll            |       |     7 |    10 |     4 ||    21
       Potion            |       |       |     9 |     2 ||    11
 Stab: Sleeping          |       |       |       |     1 ||     1
       Distracted        |       |       |       |     1 ||     1
Armor: Robe              |     4 |     3 |     1 |       ||     8
       Steam dragon scal |       |       |    19 |    47 ||    66
       Skin              |       |       |       |     8 ||     8
Dodge: Dodged            |    10 |    23 |    69 |   144 ||   246

Table legend: (Time is in decaauts)
 A = Elapsed time spent in this place.
 B = Non-inter-level travel time spent in this place.
 C = Inter-level travel time spent in this place.
 D = Time resting spent in this place.
 E = Time spent auto-exploring this place.
 F = Levels seen in this place.
 G = Mean time per level.
                   A        B        C        D        E       F      G
               +--------+--------+--------+--------+--------+-----+--------+
         Total |  12635 |  12254 |    381 |   1487 |   8911 |  12 | 1052.9 |
       Dungeon |  12318 |  11937 |    381 |   1487 |   8625 |  11 | 1119.8 |
        Temple |    317 |    317 |      0 |      0 |    286 |   1 |  317.0 |
               +--------+--------+--------+--------+--------+-----+--------+

Top non-repeatable levels by time:
     D:9: 2444 daAuts
     D:6: 1553 daAuts
     D:5: 1452 daAuts
     D:3: 1098 daAuts
     D:8: 1097 daAuts
     D:1: 1070 daAuts
     D:4: 1067 daAuts
    D:10: 1062 daAuts
     D:2: 1029 daAuts
  Temple: 317 daAuts
    D:11: 317 daAuts
     D:7: 124 daAuts
